Map: Dusk Towers

Players

LMLelas - Winner!

  • Race: Zerg Zerg
  • League: Silver

A.I. 1 (Hard)

  • Race: Protoss Protoss

VOD

Have the link to the VOD?

Description

Time

  • Played on: May 10, 2016, 5:36 p.m.
  • Length: 10:03
Show
View Real Time Build Order
Export as new Build Order

LMLelas Zerg - Winner!

Build Orders: Hatch First 

Get SALT Encoding   

  12  0:01  Drone  
  13  0:11  Drone  
  14  0:17  Extractor  
  14  0:18  Drone  
  15  0:23  Overlord  
  15  0:41  Drone x2  
  17  0:53  Drone  
  18  1:01  Drone  
  18  1:02  Hatchery  
  18  1:15  Spawning Pool  
  18  1:17  Extractor  
  16  1:18  Drone  
  16  1:20  Drone  
  18  1:28  Drone  
  19  1:42  Drone  
  20  1:50  Overlord  
  20  2:02  Queen  
  22  2:11  Zergling x2  
  22  2:13  Zergling x2  
  24  2:15  Queen  
  24  2:19  Metabolic Boost  
  26  2:29  Drone x3  
  29  3:00  Drone  
  29  3:01  Drone x5  
  35  3:09  Roach Warren  
  35  3:11  Lair  
  34  3:16  Evolution Chamber  
  34  3:19  Extractor  
  32  3:30  Drone x3  
  32  3:31  Overlord x2  
  35  4:08  Roach, Extractor  
  35  4:09  Roach x4  
  44  4:10  Overlord  
  44  4:17  Zerg Missile Weapons Level 1  
  44  4:40  Roach x4  
  44  4:43  Overlord  
  44  4:44  Overlord x2  
  52  4:52  Glial Reconstitution  
  52  5:04  Overseer  
  52  5:09  Drone  
  52  5:10  Drone x11  
  64  5:21  Evolution Chamber  
  53  5:57  Roach x7  
  55  5:58  Overlord  
  55  5:59  Overlord  
  55  6:02  Zerg Ground Armor Level 1  
  67  6:11  Ravager  
  68  6:27  Extractor  
  68  6:32  Roach x6  
  79  6:36  Ravager x3  
  82  6:57  Overlord x3  
  82  7:13  Hatchery  
  81  7:22  Infestation Pit  
  80  7:23  Zerg Missile Weapons Level 2  
  80  7:37  Roach  
  80  7:38  Roach x11  
  98  8:24  Roach x4  
  98  8:25  Roach x4  
  114  8:42  Hive  
  114  9:04  Overlord x2  
  114  9:22  Queen  
  116  9:40  Roach x7  
  116  9:41  Overlord x3  
  116  9:42  Overlord x3  
Show
View Real Time Build Order
Export as new Build Order

A.I. 1 (Hard) Protoss 

Build Orders:  

Get SALT Encoding   

  12  0:01  Probe (Chrono Boost)  
  13  0:11  Probe (Chrono Boost)  
  14  0:20  Pylon  
  14  0:22  Probe (Chrono Boost)  
  15  0:38  Probe (Chrono Boost)  
  16  0:47  Assimilator  
  16  0:49  Probe (Chrono Boost)  
  17  0:50  Gateway  
  17  1:00  Probe (Chrono Boost)  
  17  1:01  Pylon  
  18  1:10  Probe (Chrono Boost)  
  19  1:21  Probe (Chrono Boost)  
  20  1:36  Zealot  
  22  1:40  Cybernetics Core  
  22  1:42  Gateway  
  22  1:47  Assimilator  
  22  2:00  Pylon  
  22  2:11  Warp Gate  
  22  2:16  Adept  
  24  2:27  Adept  
  26  2:39  Pylon  
  26  2:41  Adept  
  28  2:53  Adept  
  31  3:05  Probe (Chrono Boost)  
  31  3:07  Stalker  
  33  3:17  Probe (Chrono Boost)  
  33  3:19  Adept  
  34  3:23  Pylon  
  36  3:29  Probe (Chrono Boost)  
  37  3:36  Zealot  
  37  3:37  Forge  
  40  3:41  Probe (Chrono Boost)  
  40  3:45  Adept  
  42  3:52  Probe (Chrono Boost)  
  43  4:01  Adept  
  43  4:05  Probe (Chrono Boost)  
  46  4:30  Probe (Chrono Boost)  
  46  4:53  Protoss Ground Weapons Level 1  
  46  4:56  Sentry  
  46  4:59  Gateway  
  48  5:00  Pylon  
  48  5:02  Photon Cannon  
  48  5:03  Nexus  
  48  5:05  Stalker  
  50  5:17  Sentry  
  52  5:21  Robotics Facility  
  52  5:28  Stalker  
  50  5:40  Stalker  
  42  5:50  Zealot  
  42  6:00  Adept  
  44  6:08  Observer  
  44  6:09  Adept  
  47  6:17  Probe x2 (Chrono Boost)  
  49  6:18  Adept  
  51  6:27  Stalker  
  51  6:28  Probe x2 (Chrono Boost), Observer  
  56  6:37  Zealot, Photon Cannon  
  56  6:39  Probe (Chrono Boost)  
  59  6:41  Pylon  
  59  6:42  Probe (Chrono Boost)  
  60  6:51  Probe (Chrono Boost), Pylon  
  60  6:53  Probe (Chrono Boost)  
  62  7:02  Probe (Chrono Boost)  
  62  7:04  Probe (Chrono Boost), Stargate  
  63  7:13  Probe (Chrono Boost), Photon Cannon  
  63  7:15  Probe (Chrono Boost)  
  65  7:24  Probe (Chrono Boost), Photon Cannon  
  65  7:26  Probe (Chrono Boost)  
  67  7:34  Twilight Council  
  67  7:35  Probe (Chrono Boost)  
  69  7:37  Probe (Chrono Boost)  
  69  7:43  Forge  
  69  7:46  Probe (Chrono Boost)  
  69  7:49  Probe (Chrono Boost)  
  69  7:50  Adept  
  49  8:00  Stalker  
  49  8:09  Zealot  
  50  8:18  Zealot  
  46  8:24  Assimilator  
  48  8:34  Assimilator  
  48  8:35  Sentry  
  48  8:44  Adept  
  50  8:53  Stalker  
  46  9:01  Robotics Facility  
  44  9:07  Stargate  
  44  9:12  Nexus  
  44  9:13  Adept  
  44  9:15  Pylon  
  39  9:31  Zealot  
  31  9:50  Zealot  
Tags
 
Add a new tag
Caveats
  • Supply blocks, unpowered buildings, or Contaminate may cause inaccurate times.
  • Supply counts are checked every 10 seconds.